 Dungeon Crawl Stone Soup version 0.16.2-12-gd0ad4c3 (webtiles) character file.

20799 Peloso the Blocker (level 12, 0/108 HPs)
             Began as a Minotaur Fighter on Oct 6, 2015.
             Was a High Priest of Okawaru.
             Killed by divine providence
             ... invoked by an orc priest
              (12 damage)
             ... on level 4 of the Orcish Mines.
             The game lasted 01:00:52 (15114 turns).

Peloso the Blocker (Minotaur Fighter)              Turns: 15114, Time: 01:00:52

Health: 0/108      AC: 21    Str: 27      XL:     12   Next: 48%
Magic:  6/6        EV:  9    Int:  4 (5)  God:    Okawaru [*****.]
Gold:   1918       SH: 14    Dex: 13      Spells: 0 memorised, 11 levels left

rFire  . . .     SeeInvis .     K - +3 scimitar (flame)
rCold  . . .     Clarity  .     w - +1 plate armour
rNeg   . . .     SustAb   .     c - +0 shield
rPois  .         Gourm    .     (helmet restricted)
rElec  .         Spirit   .     B - +0 cloak
rCorr  .         Warding  .     o - +0 pair of gloves
rMut   .         Stasis   .     D - +0 pair of boots
MR     .....                    (no amulet)
Stlth  ..........               F - +3 ring of slaying
                                L - +4 ring of strength

@: not resistant to hostile enchantments, extremely unstealthy
A: retaliatory headbutt, horns 2, wild magic 1
a: Heroism, Finesse, Renounce Religion


You were on level 4 of the Orcish Mines.
You worshipped Okawaru.
Okawaru was extremely pleased with you.
You were not hungry.

You visited 3 branches of the dungeon, and saw 18 of its levels.
You also visited: Bailey.

You collected 1918 gold pieces.

Inventory:

Hand weapons
 a - a +1 long sword
 K - a +3 scimitar of flaming (weapon)
 M - a +4 short sword
Missiles
 l - 14 tomahawks of returning (quivered)
Armour
 c - a +0 shield (worn)
 o - a +0 pair of gloves (worn)
 w - a +1 plate armour (worn)
 B - a +0 cloak (worn)
 D - a +0 pair of boots (worn)
Jewellery
 p - a +2 ring of protection
 y - an uncursed ring of positive energy
 E - a cursed ring of positive energy
 F - a +3 ring of slaying (right hand)
 L - a +4 ring of strength (left hand)
 Z - a +2 ring of evasion
Magical devices
 u - a wand of heal wounds (3)
 C - a wand of disintegration (11)
 G - a wand of digging (10)
 H - a wand of heal wounds (2)
Scrolls
 b - 3 scrolls of teleportation
 k - 3 scrolls of remove curse
 m - 2 scrolls of recharging {unknown}
 x - a scroll of magic mapping
 z - a scroll of identify
 A - 3 scrolls of enchant weapon
 J - a scroll of torment {unknown}
 N - 4 scrolls of amnesia
 P - a scroll of holy word
 R - 2 scrolls of fear {unknown}
 V - 2 scrolls of silence {unknown}
Potions
 e - 4 potions of cure mutation
 g - 2 potions of restore abilities
 h - a potion of cancellation
 j - a potion of brilliance
 n - 2 potions of haste
 q - 6 potions of curing
 v - 3 potions of mutation {unknown}
 I - 3 potions of might
 O - 2 potions of heal wounds
 S - 3 potions of agility
 X - a potion of berserk rage
Books
 f - a book of Annihilations {highlevel, unknown}

   This book is beyond your current level of understanding.

   Spells                             Type                      Level
   a - Poison Arrow                   Conjuration/Poison           6
   b - Chain Lightning                Conjuration/Air              8
   c - Lehudib's Crystal Spear        Conjuration/Earth            8
   d - Glaciate                       Conjuration/Ice              9
   e - Fire Storm                     Conjuration/Fire             9
 r - a book of the Warp

   Spells                             Type                      Level
   a - Recall                         Summoning/Translocation      3
   b - Control Teleport               Charms/Translocation         4
   c - Force Lance                    Conjuration/Translocation    4
   d - Phase Shift                    Translocation                5
   e - Warp Weapon                    Charms/Translocation         5
   f - Gell's Gravitas                Hexes/Translocation          5
   g - Summon Forest                  Summoning/Translocation      5
 W - a book of Frost

   Spells                             Type                      Level
   a - Freeze                         Ice                          1
   b - Throw Frost                    Conjuration/Ice              2
   c - Ozocubu's Armour               Charms/Ice                   3
   d - Throw Icicle                   Conjuration/Ice              4
   e - Summon Ice Beast               Ice/Summoning                4
   f - Condensation Shield            Ice                          4
Comestibles
 d - 8 bread rations
 i - 5 meat rations
 s - 3 fruits
 t - 5 slices of pizza
 Q - 6 chunks of flesh


   Skills:
 + Level 10.6 Fighting
 + Level 12.3 Long Blades
 + Level 2.3 Throwing
 + Level 11.9 Armour
 + Level 4.2 Dodging
 + Level 0.6 Stealth
 + Level 14.2 Shields
 + Level 1.2 Unarmed Combat
 + Level 1.0 Invocations


You had 11 spell levels left.
You didn't know any spells.

Dungeon Overview and Level Annotations

Branches:
Dungeon (13/15)            Temple (1/1) D:7            Lair (0/8) D:9
    Orc (4/4) D:12            Elf (0/3) Orc:3
 Vaults: D:13-14

Altars:
Cheibriados
Kikubaaqudgha
Nemelex Xobeh
Okawaru
Qazlal
Ru
Trog
Xom
Yredelemnul
Zin
The Shining One
Beogh

Shops:
D:11 :   D:12 ?   Orc:1 *=   Orc:4 [


Innate Abilities, Weirdness & Mutations

You reflexively headbutt those who attack you in melee.
You have a pair of horns on your head.
Your spells are a little harder to cast, but a little more powerful.


Message History

Things that are here:
a robe; a dagger; an orc skeleton
Things that are here:
a flail x2 an orc skeleton
Items here: ))) [[[[ รท
Things that are here:
a chain mail; a mace The orc priest invokes the aid of Beogh against you.
Something smites you!
* * * LOW HITPOINT WARNING * * *
The orc priest calls upon Beogh to heal the orc warrior.
The orc warrior is healed somewhat.
You see here a dagger.
Things that are here:
a leather armour; a falchion You block the orc warrior's attack.
The orc priest calls down the wrath of Beogh upon you.
Something smites you!
You die...

..)... # #...((..... ..).########
#.#.)(..... .....o#....#
###..)(..#. ....#......########
##...((..## ...........##.#.#.##
#.....(...#
....).....##[.)....####..........
)).)....[[)[#)o[#)<.#.#....)#...<
))......[..o[[..#)).........#....
...............#@..........###.#.
.........#......#.#........#####.
.........###.....###..........#..
........## #....## #.............
$.......# ##...# ##..#.........
.......## ##.## ####.......^#
.......# ### ##.......# ......##
#..#..#.# ..#..# ####.####


You could see an orc warrior and an orc priest.

Vanquished Creatures
  An orc warlord (Orc:3)
  A catoblepas (D:13)
  Erica (Orc:3)
  An orc high priest (Orc:4)
  An unseen horror (D:12)
  5 hill giants
  An orc knight (Bailey)
  2 ugly things
  A cyclops (D:12)
  An elephant (D:9)
  Joseph (Orc:2)
  Sonja (Orc:3)
  2 two-headed ogres
  3 yaks (D:10)
  3 deep elf magi
  2 shadows
  A wraith (D:12)
  The ghost of HANFGEIST the Ducker, an average SpAE (D:5)
  A hungry ghost (D:10)
  Eustachio (D:9)
  A trapdoor spider (D:12)
  5 wargs
  2 soldier ants
  Menkaure (D:4)
  2 water moccasins
  24 orc warriors
  2 wasps
  2 ice beasts
  3 phantoms
  2 sky beasts
  2 black bears
  A necrophage (D:12)
  11 ogres
  6 centaurs
  2 crocodiles
  A wyvern zombie (D:12)
  2 big kobolds (D:11)
  Blork the orc (D:6)
  A brain worm (D:12)
  A giant frog (D:7)
  2 scorpions
  A water moccasin zombie (D:7)
  A wyvern skeleton (D:12)
  5 killer bees (D:13)
  4 goliath beetles
  3 giant frog zombies
  3 jellies
  3 iguanas
  A quasit (D:12)
  A wasp zombie (D:12)
  6 crimson imps
  2 centaur skeletons
  5 giant frog skeletons
  4 hounds
  18 orc priests
  Natasha (twice) (D:5)
  32 orc wizards
  A sheep (D:9)
  13 worker ants
  A hound zombie (D:7)
  A hound skeleton (D:7)
  2 worker ant zombies
  A mummy (D:12)
  11 adders
  6 gnolls
  4 worms
  2 shadow imps
  An ufetubus (D:9)
  An adder skeleton (D:4)
  157 orcs
  8 giant cockroaches
  27 goblins
  22 hobgoblins
  9 jackals
  3 quokkas
  13 bats
  5 giant geckos
  6 giant newts
  46 kobolds
  19 rats
  2 ballistomycetes (D:10)
557 creatures vanquished.

Vanquished Creatures (others)
  A vampire mosquito (D:13)
  A human (D:7)
  An orc priest (Orc:4)
  An orc (D:8)
  4 giant spores
  A ballistomycete (D:13)
  2 plants (D:9)
11 creatures vanquished.

Grand Total: 568 creatures vanquished

Notes
Turn   | Place    | Note
--------------------------------------------------------------
     0 | D:1      | Peloso, the Minotaur Fighter, began the quest for the Orb.
     0 | D:1      | Reached XP level 1. HP: 19/19 MP: 1/1
   110 | D:1      | Reached skill level 4 in Fighting
   112 | D:1      | Reached XP level 2. HP: 17/27 MP: 1/1
   861 | D:2      | Reached XP level 3. HP: 29/33 MP: 2/2
  1342 | D:2      | Reached skill level 1 in Dodging
  1345 | D:2      | Reached XP level 4. HP: 23/40 MP: 2/2
  1773 | D:3      | Reached XP level 5. HP: 46/46 MP: 2/2
  1817 | D:3      | Reached skill level 5 in Armour
  2444 | D:4      | Reached skill level 5 in Shields
  2444 | D:4      | Reached XP level 6. HP: 50/53 MP: 3/3
  2550 | D:4      | Noticed Menkaure
  2566 | D:4      | Killed Menkaure
  3052 | D:4      | Noticed an ogre
  3058 | D:4      | Killed an ogre
  3058 | D:4      | Reached skill level 5 in Fighting
  3058 | D:4      | Reached skill level 6 in Shields
  3058 | D:4      | Reached XP level 7. HP: 32/61 MP: 3/3
  3117 | D:5      | Entered Level 5 of the Dungeon
  3227 | D:5      | Noticed HANFGEIST's ghost (average SpAE)
  3235 | D:5      | Reached skill level 5 in Long Blades
  3255 | D:5      | Killed HANFGEIST's ghost
  3311 | D:5      | Reached skill level 7 in Shields
  3612 | D:5      | Reached XP level 8. HP: 28/70 MP: 3/3
  3868 | D:5      | Found a snail-covered altar of Cheibriados.
  3868 | D:5      | Noticed Natasha
  3873 | D:5      | Killed Natasha
  3986 | D:5      | Reached skill level 8 in Shields
  4033 | D:5      | Noticed Natasha
  4046 | D:5      | Killed Natasha
  4200 | D:6      | Reached skill level 1 in Unarmed Combat
  4592 | D:6      | Noticed Blork the orc
  4601 | D:6      | Killed Blork the orc
  4684 | D:6      | Reached skill level 9 in Shields
  4749 | D:6      | Reached XP level 9. HP: 71/78 MP: 4/4
  5995 | D:7      | Found a staircase to the Ecumenical Temple.
  6005 | Temple   | Entered the Ecumenical Temple
  6018 | Temple   | Became a worshipper of Warmaster Okawaru
  6073 | D:7      | Reached skill level 10 in Shields
  6091 | D:7      | Found an ancient bone altar of Kikubaaqudgha.
  7334 | D:9      | Acquired Okawaru's first power
  7436 | D:9      | Noticed Eustachio
  7465 | D:9      | Killed Eustachio
  7465 | D:9      | Reached XP level 10. HP: 70/86 MP: 4/4
  7733 | D:9      | Found a staircase to the Lair.
  7734 | D:9      | Noticed an elephant
  7772 | D:9      | Killed an elephant
  7772 | D:9      | Reached skill level 11 in Shields
  7961 | D:9      | Noticed a hill giant
  7973 | D:9      | Killed a hill giant
  8359 | D:9      | Gained mutation: Your spells are a little harder to cast, but a little more powerful. [potion of beneficial mutation]
  8480 | D:10     | Entered Level 10 of the Dungeon
  8513 | D:10     | Noticed a red ugly thing
  8532 | D:10     | Killed a red ugly thing
  8985 | D:10     | Reached skill level 10 in Armour
  9017 | D:10     | Reached skill level 10 in Long Blades
  9188 | D:10     | Noticed a hill giant
  9196 | D:10     | Killed a hill giant
  9196 | D:10     | Reached skill level 12 in Shields
  9492 | D:11     | Found Minaob's Book Shop.
  9534 | D:11     | Found a flagged portal.
  9559 | Bailey   | Entered a bailey
  9609 | Bailey   | Reached XP level 11. HP: 95/95 MP: 4/4
  9676 | Bailey   | Noticed an orc knight
  9711 | Bailey   | Killed an orc knight
  9711 | Bailey   | Reached skill level 1 in Throwing
  9899 | D:11     | Noticed a purple ugly thing
  9907 | D:11     | Killed a purple ugly thing
 11183 | D:12     | Killed an unseen horror
 11183 | D:12     | Acquired Okawaru's second power
 11215 | D:12     | Found a staircase to the Orcish Mines.
 11569 | D:12     | Noticed a hill giant
 11569 | D:12     | Noticed a hill giant
 11576 | D:12     | Killed a hill giant
 11581 | D:12     | Killed a hill giant
 11619 | D:12     | Reached skill level 13 in Shields
 11708 | D:12     | Found Ulozud's Magic Scroll Shop.
 12048 | D:13     | Noticed a catoblepas
 12085 | D:13     | Killed a catoblepas
 12381 | D:13     | Noticed a vault guard
 12403 | D:13     | Noticed a hill giant
 12413 | D:13     | Killed a hill giant
 12413 | D:13     | Received a gift from Okawaru
 12504 | D:13     | Reached skill level 10 in Fighting
 12504 | D:13     | Reached XP level 12. HP: 37/106 MP: 6/6
 12682 | D:13     | Noticed a vault guard
 12803 | Orc:1    | Entered Level 1 of the Orcish Mines
 12803 | Orc:1    | Found Seha's Assorted Antiques.
 12803 | Orc:1    | Found Gaaric's Jewellery Shoppe.
 13318 | Orc:2    | Noticed Joseph
 13342 | Orc:2    | Killed Joseph
 13408 | Orc:2    | Found a roughly hewn altar of Beogh.
 13694 | Orc:3    | Noticed Sonja
 13699 | Orc:3    | Killed Sonja
 13740 | Orc:3    | Noticed an orc warlord
 13778 | Orc:3    | Killed an orc warlord
 13778 | Orc:3    | Reached skill level 1 in Invocations
 14147 | Orc:3    | Noticed Erica
 14158 | Orc:3    | Killed Erica
 14158 | Orc:3    | Received a gift from Okawaru
 14311 | Orc:3    | Found a staircase to the Elven Halls.
 14460 | Orc:4    | Entered Level 4 of the Orcish Mines
 14469 | Orc:4    | Reached skill level 14 in Shields
 14502 | Orc:4    | Found Kenuru's Armour Boutique.
 14923 | Orc:4    | Received a gift from Okawaru
 15114 | Orc:4    | Killed from afar by an orc priest

Action                   |  1- 3 |  4- 6 |  7- 9 | 10-12 || total
-------------------------+-------+-------+-------+-------++-------
Melee: Long sword        |   109 |   214 |   438 |   864 ||  1625
       Unarmed           |       |       |    61 |       ||    61
       Scimitar          |       |       |       |   103 ||   103
Throw: Tomahawk          |       |       |       |    28 ||    28
Invok: Heroism           |       |       |       |     3 ||     3
  Use: Scroll            |       |     9 |     2 |    16 ||    27
       Potion            |       |       |     3 |     1 ||     4
  Eat: Chunk             |       |     7 |    11 |    26 ||    44
       Beef jerky        |       |       |     1 |     1 ||     2
       Pizza             |       |       |     1 |       ||     1
